 Seeded DCSS version 0.30.1-9-gdf580d7c3d (webtiles) character file.

Game seed: 920673320228942481 (custom seed)

43 Psyclone the Conjurer (level 3, -4/19 HPs)
             Began as a Deep Elf Conjurer on Oct 10, 2023.
             Slain by Blork the orc
             ... wielding a +0 war axe
              (8 damage)
             ... on level 4 of the Dungeon.
             The game lasted 00:00:11 (552 turns).

Psyclone the Conjurer (Deep Elf Conjurer)            Turns: 552, Time: 00:00:12

Health: -4/19      AC:  2    Str:  4    XL:     3   Next: 37%
Magic:  9/9        EV: 12    Int: 24    God:
Gold:   0          SH:  0    Dex: 13    Spells: 5/8 levels left

rFire   . . .        (no weapon)
rCold   . . .        (no shield)
rNeg    . . .        a - +0 robe
rPois   .            (no helmet)
rElec   .            (no cloak)
rCorr   .            (no gloves)
SInv    .            (no boots)
Will    .....        (no amulet)
Stlth   ++           (no ring)
HPRegen 0.23/turn    (no ring)
MPRegen 0.11/turn

%: no passive effects
@: no status effects
A: no striking features
a: no special abilities


You were on level 4 of the Dungeon.
You visited 1 branch of the dungeon, and saw 4 of its levels.

Inventory:

Armour
 a - a +0 robe (worn)
Scrolls
 c - a scroll of acquirement
Potions
 b - a potion of magic
 d - a potion of lignification {unknown}


   Skills:
 - Level 2.4 Dodging
 - Level 2.4 Stealth
 - Level 3.0 Spellcasting
 + Level 5.7 Conjurations


You had 5 spell levels left.
You knew the following spells:

 Your Spells              Type           Power      Damage    Failure   Level
a - Magic Dart            Conj           100%       1d8       1%          1
b - Searing Ray           Conj           62%        2d6       1%          2

Your spell library contained the following spells:

 Spells                   Type           Power      Damage    Failure   Level
 Dazzling Flash           Conj/Hex       34%        N/A       10%         3
 Fulminant Prism          Conj/Hex       8%         3d7       32%         4
 Iskenderun's Mystic Bla  Conj/Tloc      17%        2d5       32%         4


Dungeon Overview and Level Annotations

Branches:
Dungeon (4/15) Zot: 23447
 Temple: D:4-7

Altars:

Annotations:
D:4 Blork the orc


Message History

You can't see any susceptible monsters within range! (Use Z to cast anyway.) Unknown command.
Casting: Magic Dart (safe; 1% risk of failure)
Confirm with . or Enter, or press ? or * to list all spells.
You can't see any susceptible monsters within range! (Use Z to cast anyway.) Unknown command.
Casting: Magic Dart (safe; 1% risk of failure)
Confirm with . or Enter, or press ? or * to list all spells.
You can't see any susceptible monsters within range! (Use Z to cast anyway.) Unknown command.
You can't go down here!
You start waiting.
You start waiting.
Casting: Magic Dart (safe; 1% risk of failure)
Confirm with . or Enter, or press ? or * to list all spells.
You can't see any susceptible monsters within range! (Use Z to cast anyway.) Unknown command.
Casting: Magic Dart (safe; 1% risk of failure)
Confirm with . or Enter, or press ? or * to list all spells.
You can't see any susceptible monsters within range! (Use Z to cast anyway.) Unknown command.
Blork the orc comes into view.
He is wielding a +0 war axe.
Blork the orc shouts!
There's nothing to close nearby.
Blork the orc is nearby!
A quokka comes into view.
Blork the orc screams, "I'm much stronger than you!"
This is a scroll of acquirement!
Something appears at your feet!
An adder comes into view.
Blork the orc hits you with a +0 war axe!
Blork the orc closely misses you. Blork the orc misses you.
Blork the orc barely misses you.
Blork the orc hits you with a +0 war axe!
* * * LOW HITPOINT WARNING * * *
Blork the orc barely misses you.
You take 16 damage, and have 3/19 hp.
MASSIVE DAMAGE!!
Something appears at your feet!
Blork the orc hits you with a +0 war axe!
You die...

##.)...# ..
##....#.# ..
##.)#### ..
##..##
##.####...# ...
#....#####
#r###..>......
##o#.#..##.####
#@.......#.#
#.##.##.##.#
#.......##.#
#..#.......#
#######.####
..# #.# #######
#.# #.# #....[#
#.# #.# #.###.#
#!# #.#


You could see Blork the orc and a quokka.

Vanquished Creatures
  A hound (D:4)
  A dart slug (D:1)
  3 orcs (D:4)
  A ball python (D:4)
  An endoplasm (D:3)
7 creatures vanquished.

Notes
Turn   | Place    | Note
-------+----------+-------------------------------------------
     0 | D:1      | Psyclone the Deep Elf Conjurer began the quest for the Orb.
     0 | D:1      | Reached XP level 1. HP: 10/10 MP: 6/6
   164 | D:4      | Noticed a hound
   169 | D:4      | Killed a hound
   170 | D:4      | Reached skill level 5 in Conjurations
   170 | D:4      | Reached XP level 2. HP: 15/15 MP: 2/8
   170 | D:4      | Reached XP level 3. HP: 19/19 MP: 2/9
   341 | D:4      | Learned a level 2 spell: Searing Ray
   540 | D:4      | Noticed Blork the orc
   544 | D:4      | Identified 3 scrolls of acquirement
   544 | D:4      | Acquired 695 gold pieces
   552 | D:4      | Acquired 999 gold pieces
   552 | D:4      | Slain by Blork the orc

Illustrated notes

Levels and vault maps discovered:
D:1:      dpeg_arrival_orchard, layout_basic
D:2:      layout_loops_corners, uniq_natasha, uniq_crazy_yiuf_cottage
D:3:      layout_basic, serial_shops, nicolae_shop_stone, shop
D:4:      layout_basic, nicolae_figureground_sparkle, uniq_sigmund, uniq_robin,
          uniq_blork_the_orc

Skill      XL: |  1 |
---------------+----+-----
Conjurations   | 5 |  5.7
Dodging        | |  2.4
Stealth        | |  2.4
Spellcasting   | |  3.0

Action                     || total
---------------------------++-------
  Melee: Unarmed           ||     2
   Cast: Magic Dart        ||    15
    Use: Scroll            ||     2
 Armour: Robe              ||     3
  Dodge: Dodged            ||     8
